AoeStats
← 魔君

Arena

510318427Analyzed
4v4 RM · 3d ago on Sep 30, 2026· 46m 56s· 8 players
Game mode
Random Map
Map size
Large (8 player)
Population
200
Speed
Normal
Resources
Standard
Victory
Conquest
Starting age
Dark Age
Ending age
Imperial Age
RankedLock teamsTeams togetherTeam positionsShared explorationLock speedFull tech treeHidden civsTurbo modeCheats
Victory
Defeat
🇨🇳 Persians · China
729
+15
🇨🇳 Persians · China
703
+16
🇹🇼 Teutons · Taiwan
703
+16
🇨🇳 Bohemians · China
695
+17
🇨🇴 Magyars · Colombia
777
-18
🇵🇱 Britons · Poland
724
-16
🇵🇹 Khmer · Portugal
701
-16
🇨🇳 Tatars · China
656
-14
iiiqq-qwzaa---q
9:29 Feudal Age
10:00 Double-Bit Axe
13:05 Horse Collar
19:06 Castle Age
18:34 Wheelbarrow
18:29 Stone Mining
18:30 Gold Mining
20:26 Stone Shaft Mining
20:50 Bow Saw
20:20 Pikeman
25:08 Stone Shaft Mining
29:56 Scale Mail Armor
30:02 Scale Barding Armor
30:34 Hand Cart
34:38 Imperial Age
35:35 Chain Barding Armor
35:30 Chain Mail Armor
35:26 Forging
36:31 Ironclad
39:15 Two-Man Saw
37:42 Cavalier
37:45 Heavy Scorpion
39:20 Plate Barding Armor
39:15 Plate Mail Armor
39:21 Iron Casting
39:05 Heavy Plow
40:36 Paladin
40:43 Halberdier
41:24 Squires
43:41 Chemistry
45:50 Elite Teutonic Knight
baiyileng
9:13 Feudal Age
15:44 Castle Age
13:59 Double-Bit Axe
14:08 Horse Collar
22:02 Bow Saw
22:26 Heavy Plow
28:11 Town Watch
28:45 Loom
29:35 Wheelbarrow
28:48 Town Watch
32:11 Imperial Age
32:21 Imperial Age
29:42 Town Watch
32:39 Scale Barding Armor
32:35 Scale Mail Armor
32:45 Forging
32:39 Gold Mining
32:41 Stone Mining
32:45 Fletching
32:56 Padded Archer Armor
34:35 Chemistry
34:46 Chain Barding Armor
35:53 Conscription
36:16 Elite War Elephant
38:44 Stone Shaft Mining
38:45 Gold Shaft Mining
42:24 Iron Casting
44:09 Blast Furnace
43:25 Chain Mail Armor
43:46 Plate Barding Armor
43:09 Bodkin Arrow
43:29 Leather Archer Armor
魔君
0:30 Loom
12:45 Feudal Age
15:19 Double-Bit Axe
15:17 Horse Collar
24:22 Castle Age
22:58 Wheelbarrow
25:09 Bow Saw
25:07 Heavy Plow
25:22 Pikeman
26:03 Squires
26:18 Stone Mining
26:24 Gold Mining
29:27 Stone Shaft Mining
29:32 Gold Shaft Mining
29:38 Hand Cart
29:09 Town Watch
36:22 Caravan
36:53 Coinage
38:57 Imperial Age
36:37 Scale Barding Armor
36:45 Forging
36:35 Scale Mail Armor
36:36 Padded Archer Armor
36:27 Fletching
38:28 Husbandry
38:39 Bloodlines
37:49 Light Cavalry
39:35 Chain Barding Armor
39:51 Iron Casting
40:35 Two-Man Saw
38:58 Elite War Elephant
39:41 Kamandaran
39:52 Citadels
40:21 Hoardings
40:07 Conscription
39:46 Murder Holes
40:13 Ballistics
40:04 Masonry
41:48 Crop Rotation
43:05 Plate Barding Armor
43:31 Blast Furnace
42:28 Bodkin Arrow
42:49 Leather Archer Armor
42:50 Chain Mail Armor
42:44 Thumb Ring
41:59 Crossbowman
44:25 Architecture
43:19 Hussar
45:10 Guilds
44:33 Elite Skirmisher
45:00 Halberdier
45:26 Gambesons
1192339610
0:46 Loom
11:09 Feudal Age
12:12 Horse Collar
19:31 Castle Age
18:42 Horse Collar
18:49 Double-Bit Axe
19:49 Man-at-Arms
20:30 Squires
20:58 Long Swordsman
22:15 Heavy Plow
22:29 Bow Saw
24:03 Pikeman
29:45 Arson
31:19 Wagenburg Tactics
31:29 Wagenburg Tactics
39:30 Imperial Age
38:33 Padded Archer Armor
38:24 Fletching
39:35 Elite Hussite Wagon
40:57 Conscription
40:25 Capped Ram
42:44 Hussite Reforms
43:25 Herbal Medicine
45:14 Leather Archer Armor
44:54 Bodkin Arrow
45:03 Scale Mail Armor
45:13 Forging
45:52 Wheelbarrow
45:48 Ballistics
46:29 Chemistry
46:56 Halberdier
santiago.ramirez10
12:43 Loom
15:14 Feudal Age
17:13 Double-Bit Axe
17:10 Horse Collar
17:25 Stone Mining
21:10 Castle Age
22:11 Bloodlines
21:22 Light Cavalry
23:55 Corvinian Army
25:09 Gold Mining
27:02 Wheelbarrow
35:01 Imperial Age
33:17 Heavy Plow
37:08 Hand Cart
36:38 Town Watch
37:30 Gold Shaft Mining
37:44 Bow Saw
37:57 Pikeman
41:10 Fletching
42:06 Town Patrol
43:07 Halberdier
Knapcior
0:56 Loom
12:35 Feudal Age
12:59 Horse Collar
13:05 Double-Bit Axe
20:49 Castle Age
19:32 Gold Mining
19:36 Stone Mining
22:23 Caravan
22:57 Heavy Plow
23:11 Bow Saw
23:28 Forging
23:24 Fletching
25:26 Padded Archer Armor
26:39 Gold Shaft Mining
28:29 Leather Archer Armor
28:49 Iron Casting
28:15 Scale Mail Armor
28:53 Coinage
29:18 Fortified Wall
29:15 Scale Mail Armor
29:23 Town Watch
30:37 Masonry
30:23 Murder Holes
30:26 Bodkin Arrow
31:34 Wheelbarrow
32:43 Chain Mail Armor
36:40 Imperial Age
34:52 Pikeman
35:32 Squires
36:03 Ballistics
37:40 Hand Cart
37:28 Town Patrol
38:01 Plate Mail Armor
38:01 Ring Archer Armor
38:33 Blast Furnace
37:33 Bracer
38:07 Banking
38:09 Architecture
38:40 Chemistry
37:30 Halberdier
39:22 Conscription
41:10 Hoardings
43:19 Two-Man Saw
41:54 Elite Longbowman
43:50 Yeomen
44:29 Guilds
ANCORA
11:31 Feudal Age
11:56 Horse Collar
12:09 Double-Bit Axe
13:18 Gold Mining
19:16 Wheelbarrow
21:45 Castle Age
24:15 Hand Cart
24:57 Caravan
26:42 Loom
28:16 Heavy Plow
29:28 Scale Barding Armor
35:33 Gold Shaft Mining
34:50 Stone Mining
36:53 Chain Barding Armor
36:33 Scale Mail Armor
36:44 Forging
42:12 Imperial Age
42:53 Double Crossbow
42:14 Elite Ballista Elephant
43:23 Husbandry
43:35 Bloodlines
44:55 Plate Barding Armor
44:35 Chain Mail Armor
44:56 Iron Casting
44:11 Fletching
45:33 Tusk Swords
zero
4:40 Loom
13:13 Feudal Age
13:43 Double-Bit Axe
13:46 Horse Collar
19:48 Castle Age
23:09 Fervor
24:36 Wheelbarrow
24:16 Bow Saw
24:10 Heavy Plow
26:19 Hand Cart
27:13 Scale Barding Armor
31:12 Imperial Age
29:12 Gold Mining
29:17 Stone Mining
30:34 Gold Shaft Mining
31:02 Treadmill Crane
32:28 Fletching
33:45 Crop Rotation
32:40 Heavy Cavalry Archer
33:21 Bodkin Arrow
33:53 Guilds
34:30 Bracer
35:29 Padded Archer Armor
38:43 Bloodlines
40:50 Ballistics
41:30 Chemistry
40:01 Elite Keshik
41:28 Silk Armor
41:54 Conscription
41:59 Chain Barding Armor
46:18 Husbandry
Connection lost

Rejoining the realm…

Still unreachable

The connection could not be restored.

Session expired

The server has moved on; the page needs a fresh start.